PAA
TACOMA FUR TRADERS @ NORTHVILLE ECLIPSE
09/17/2026
 
TOP OF THE 1ST
Tacoma Fur Traders batting - Pitching for Northville Eclipse : LHP Oliver De Jesús
Pitching: LHP Oliver De Jesús
Batting: RHB Andy Moore 0-0: Ball
1-0: Foul Ball, location: 2F
1-1: Called Strike
1-2: Ball
2-2: Ball
3-2: Base on Balls
Batting: RHB Luis Flores 0-0: Ball
1-0: Ball
2-0: Foul Ball, location: 2F
2-1: Ball
Andy Moore is caught stealing 2nd base
3-1: Fly out, F8 (Flyball, 89D)
Batting: SHB Enrique Costello 0-0: Called Strike
0-1: Ball
1-1: Foul Ball, location: 2F
1-2: Foul Ball, location: 2F
1-2: Ball
2-2: SINGLE (Groundball, 6MD)
Batting: RHB Xavier Pérez 0-0: Foul Ball, location: 2F
0-1: Foul Ball, location: 2F
0-2: Ball
1-2: Strikes out swinging, 2-3 out at first.
Top of the 1st over - 0 run(s), 1 hit(s), 0 error(s), 1 left on base; Tacoma 0 - Northville 0
BOTTOM OF THE 1ST
Northville Eclipse batting - Pitching for Tacoma Fur Traders : RHP Luis Castrejón
Pitching: RHP Luis Castrejón
Batting: RHB José Silva 0-0: Ground out 6-3 (Groundball, 56)
Batting: RHB Dave Shaw 0-0: Ball
1-0: Called Strike
1-1: Called Strike
1-2: Ball
2-2: Foul Ball, location: 2F
2-2: Fly out, F9 (Flyball, 9)
Batting: RHB José Sánchez 0-0: Ball
1-0: Ground out 6-3 (Groundball, 6)
Bottom of the 1st over - 0 run(s), 0 hit(s), 0 error(s), 0 left on base; Tacoma 0 - Northville 0
TOP OF THE 2ND
Tacoma Fur Traders batting - Pitching for Northville Eclipse : LHP Oliver De Jesús
Batting: LHB Felipe Trujillo 0-0: SINGLE (Line Drive, 5D)
Batting: LHB Michael Whorton 0-0: Called Strike
0-1: Ball
1-1: Ball
2-1: Ball
3-1: Fly out, F8 (Flyball, 78S)
Batting: RHB Tim Lehman 0-0: Ball
1-0: Single, Error in OF, E7, batter to second base
Felipe Trujillo to third
Batting: SHB Carlos Alicea 0-0: Foul Ball, location: 2F
0-1: Fly out, F9 (Flyball, 89M)
Runner from 3rd tags up, SCORES, no throw
Batting: RHB Britt Lynch 0-0: Ball
1-0: Ground out 6-3 (Groundball, 6)
Top of the 2nd over - 1 run(s), 2 hit(s), 1 error(s), 1 left on base; Tacoma 1 - Northville 0
BOTTOM OF THE 2ND
Northville Eclipse batting - Pitching for Tacoma Fur Traders : RHP Luis Castrejón
Batting: RHB Luis Hernández 0-0: Fly out, F7 (Line Drive, 7)
Batting: RHB Cosmo Bjorkenheim 0-0: Foul Ball, location: 2F
0-1: Foul Ball, location: 2F
0-2: Foul Ball, location: 2F
0-2: Ball
1-2: Ball
2-2: SINGLE (Line Drive, 6D)
Batting: RHB Luis Guerrero 0-0: Ball
1-0: Foul Ball, location: 2F
1-1: Ball
2-1: Swinging Strike
2-2: Foul Ball, location: 2F
2-2: Foul Ball, location: 2F
2-2: Ball
3-2: Base on Balls
Cosmo Bjorkenheim to second
Batting: RHB Ghislain Vespucci 0-0: Ball
1-0: Ball
2-0: Foul Ball, location: 2F
2-1: Ball
Cosmo Bjorkenheim steals 3rd base
Luis Guerrero to second
3-1: Ground out 6-3 (Groundball, 6)
Cosmo Bjorkenheim scores
Batting: RHB Alfonso Grappasonni 0-0: Fly out, F6 (Line Drive, 6)
Bottom of the 2nd over - 1 run(s), 1 hit(s), 0 error(s), 1 left on base; Tacoma 1 - Northville 1
TOP OF THE 3RD
Tacoma Fur Traders batting - Pitching for Northville Eclipse : LHP Oliver De Jesús
Batting: RHB Andy Moore 0-0: Ball
1-0: Fly out, F7 (Line Drive, 7S)
Now in LF: Alfonso López
Batting: RHB Luis Flores 0-0: Swinging Strike
0-1: Ball
1-1: Fly out, F5 (Popup, 56)
Batting: SHB Enrique Costello 0-0: Ball
1-0: DOUBLE (Popup, 4MD)
Batting: RHB Xavier Pérez 0-0: Ball
1-0: Swinging Strike
1-1: Ball
2-1: Called Strike
2-2: Foul Ball, location: 2F
2-2: 2-RUN HOME RUN (Flyball, 89D), Distance : 433 ft
Batting: LHB Felipe Trujillo 0-0: Foul Ball, location: 2F
0-1: Ball
1-1: Ball
2-1: Ball
3-1: DOUBLE (Flyball, 8LXD)
Batting: LHB Michael Whorton 0-0: Ball
1-0: Ball
2-0: Called Strike
2-1: Foul Ball, location: 2F
2-2: Foul Ball, location: 2F
2-2: Strikes out swinging
Top of the 3rd over - 2 run(s), 3 hit(s), 0 error(s), 1 left on base; Tacoma 3 - Northville 1
BOTTOM OF THE 3RD
Northville Eclipse batting - Pitching for Tacoma Fur Traders : RHP Luis Castrejón
Batting: RHB Dan Hart 0-0: Bunted foul
0-1: Ground out 4-3 (Groundball, 4)
Batting: RHB Alfonso López 0-0: Called Strike
0-1: Ball
1-1: Ground out 5-3 (Groundball, 56S)
Batting: RHB Dave Shaw 0-0: Ball
1-0: SINGLE (Line Drive, 3D)
Batting: RHB José Sánchez 0-0: Ball
1-0: Foul Ball, location: 2F
1-1: Fly out, F7 (Flyball, 7S)
Bottom of the 3rd over - 0 run(s), 1 hit(s), 0 error(s), 1 left on base; Tacoma 3 - Northville 1
TOP OF THE 4TH
Tacoma Fur Traders batting - Pitching for Northville Eclipse : LHP Oliver De Jesús
Batting: RHB Tim Lehman 0-0: Ball
1-0: Foul Ball, location: 2F
1-1: Ball
2-1: Ground out 4-3 (Groundball, 4)
Batting: SHB Carlos Alicea 0-0: Foul Ball, location: 2F
0-1: Foul Ball, location: 2F
0-2: Ball
1-2: Fly out, F9 (Flyball, 89S)
Batting: RHB Britt Lynch 0-0: Ball
1-0: Foul Ball, location: 2F
1-1: SINGLE (Flyball, 78S)
Batting: RHB Andy Moore 0-0: Ball
1-0: SINGLE (Flyball, 8LS)
Britt Lynch to second
Runner from 2nd tries for 3rd, SAFE, throw made to third
Andy Moore to second
Batting: RHB Luis Flores 0-0: SINGLE (Groundball, 56) (infield hit)
Britt Lynch scores
Andy Moore to third
Batting: SHB Enrique Costello 0-0: Foul Ball, location: 2F
0-1: Ball
1-1: Fly out, F5 (Line Drive, 5L)
Top of the 4th over - 1 run(s), 3 hit(s), 0 error(s), 2 left on base; Tacoma 4 - Northville 1
BOTTOM OF THE 4TH
Northville Eclipse batting - Pitching for Tacoma Fur Traders : RHP Luis Castrejón
Batting: RHB Luis Hernández 0-0: Ball
1-0: Reached on error, E5 (Groundball, 56)
Batting: RHB Cosmo Bjorkenheim 0-0: Ball
1-0: Ball
2-0: Called Strike
2-1: Ball
3-1: Ground out 5-3 (Groundball, 56S)
Luis Hernández to third
Batting: RHB Luis Guerrero 0-0: Ball
1-0: Swinging Strike
1-1: Ball
2-1: Ball
3-1: Base on Balls
Batting: RHB Ghislain Vespucci 0-0: Called Strike
0-1: Called Strike
0-2: Ball
1-2: DOUBLE (Groundball, 5L)
Luis Hernández scores
Luis Guerrero to third
Batting: RHB Alfonso Grappasonni 0-0: Ball
1-0: Ball
2-0: Ball
3-0: Base on Balls
Batting: RHB Dan Hart 0-0: Called Strike
0-1: Ball
1-1: DOUBLE (Line Drive, 7LM)
Luis Guerrero scores
Ghislain Vespucci scores
Alfonso Grappasonni to third
Batting: RHB Alfonso López 0-0: Ball
1-0: Ball
2-0: Swinging Strike
2-1: Called Strike
2-2: Strikes out swinging
Batting: RHB Dave Shaw 0-0: Ball
1-0: Fly out, F8 (Line Drive, 8LD)
Bottom of the 4th over - 3 run(s), 2 hit(s), 1 error(s), 2 left on base; Tacoma 4 - Northville 4
TOP OF THE 5TH
Tacoma Fur Traders batting - Pitching for Northville Eclipse : LHP Oliver De Jesús
Batting: RHB Xavier Pérez 0-0: Ball
1-0: Ball
2-0: Ground out 6-3 (Groundball, 56)
Batting: LHB Felipe Trujillo 0-0: Foul Ball, location: 2F
0-1: Ball
1-1: Swinging Strike
1-2: Ball
2-2: Fly out, F9 (Flyball, 9LMF)
Batting: LHB Michael Whorton 0-0: Ball
1-0: Called Strike
1-1: Ball
2-1: Ground out 4-3 (Groundball, 4S)
Top of the 5th over - 0 run(s), 0 hit(s), 0 error(s), 0 left on base; Tacoma 4 - Northville 4
BOTTOM OF THE 5TH
Northville Eclipse batting - Pitching for Tacoma Fur Traders : RHP Luis Castrejón
Batting: RHB José Sánchez 0-0: Ball
1-0: Foul Ball, location: 2F
1-1: Called Strike
1-2: Strikes out swinging
Batting: RHB Luis Hernández 0-0: Ball
1-0: Ball
2-0: Swinging Strike
2-1: Foul Ball, location: 2F
2-2: Fly out, F8 (Flyball, 8LS)
Batting: RHB Cosmo Bjorkenheim 0-0: Ball
1-0: Ball
2-0: Foul Ball, location: 2F
2-1: Ground out 6-3 (Groundball, 6)
Bottom of the 5th over - 0 run(s), 0 hit(s), 0 error(s), 0 left on base; Tacoma 4 - Northville 4
TOP OF THE 6TH
Tacoma Fur Traders batting - Pitching for Northville Eclipse : LHP Oliver De Jesús
Batting: RHB Tim Lehman 0-0: Ground out U3 (Groundball, 34)
Batting: SHB Carlos Alicea 0-0: Ball
1-0: Ball
2-0: Called Strike
2-1: Foul Ball, location: 2F
2-2: Ball
3-2: Strikes out swinging
Batting: RHB Britt Lynch 0-0: Swinging Strike
0-1: Foul Ball, location: 2F
0-2: Ball
1-2: Fly out, F8 (Flyball, 8LM)
Top of the 6th over - 0 run(s), 0 hit(s), 0 error(s), 0 left on base; Tacoma 4 - Northville 4
BOTTOM OF THE 6TH
Northville Eclipse batting - Pitching for Tacoma Fur Traders : RHP Luis Castrejón
Batting: RHB Luis Guerrero 0-0: Ball
1-0: Ball
2-0: Swinging Strike
2-1: Fly out, F8 (Line Drive, 89M)
Batting: RHB Ghislain Vespucci 0-0: Ground out 5-3 (Groundball, 5L)
Batting: RHB Alfonso Grappasonni 0-0: Ball
1-0: SINGLE (Groundball, 6MS) (infield hit)
Batting: RHB Dan Hart 0-0: Ball
Alfonso Grappasonni steals 2nd base
1-0: Ball
2-0: Ball
3-0: Called Strike
3-1: Called Strike
3-2: Fly out, F8 (Line Drive, 8LD)
Bottom of the 6th over - 0 run(s), 1 hit(s), 0 error(s), 1 left on base; Tacoma 4 - Northville 4
TOP OF THE 7TH
Tacoma Fur Traders batting - Pitching for Northville Eclipse : LHP Oliver De Jesús
Batting: RHB Andy Moore 0-0: Called Strike
0-1: Ground out 5-3 (Groundball, 56)
Batting: RHB Luis Flores 0-0: Ball
1-0: Ball
2-0: Ball
3-0: Base on Balls
Pitching: RHP Kyle MacRae
Batting: SHB Enrique Costello 0-0: Ball
1-0: Ball
2-0: Fly out, F9 (Line Drive, 9)
Batting: RHB Xavier Pérez 0-0: Ball
Luis Flores is caught stealing 2nd base
Top of the 7th over - 0 run(s), 0 hit(s), 0 error(s), 0 left on base; Tacoma 4 - Northville 4
BOTTOM OF THE 7TH
Northville Eclipse batting - Pitching for Tacoma Fur Traders : RHP Luis Castrejón
Pinch Hitting: SHB Jim Unknown 0-0: Swinging Strike
0-1: Ball
1-1: Foul Ball, location: 2F
1-2: Fly out, F8 (Flyball, 8LD)
Batting: RHB Dave Shaw 0-0: Ball
1-0: Ball
2-0: Called Strike
2-1: Fly out, F7 (Flyball, 7)
Batting: RHB José Sánchez 0-0: Ground out 6-3 (Groundball, 6)
Bottom of the 7th over - 0 run(s), 0 hit(s), 0 error(s), 0 left on base; Tacoma 4 - Northville 4
TOP OF THE 8TH
Tacoma Fur Traders batting - Pitching for Northville Eclipse : RHP Kyle MacRae
Now in RF: Jim Unknown
Batting: RHB Xavier Pérez 0-0: Ball
1-0: Ball
2-0: Foul Ball, location: 2F
2-1: Fly out, F7 (Flyball, 78D)
Batting: LHB Felipe Trujillo 0-0: Called Strike
0-1: Ball
1-1: Ground out 4-3 (Groundball, 4D)
Batting: LHB Michael Whorton 0-0: Ball
1-0: Called Strike
1-1: Ball
2-1: Ground out 4-3 (Groundball, 4)
Top of the 8th over - 0 run(s), 0 hit(s), 0 error(s), 0 left on base; Tacoma 4 - Northville 4
BOTTOM OF THE 8TH
Northville Eclipse batting - Pitching for Tacoma Fur Traders : RHP Luis Castrejón
Batting: RHB Luis Hernández 0-0: Ball
1-0: Foul Ball, location: 2F
1-1: Ball
2-1: Foul Ball, location: 2F
2-2: Ball
3-2: Ground out 1-3 (Groundball, 13S)
Pitching: RHP Curt Walker
Batting: RHB Cosmo Bjorkenheim 0-0: Swinging Strike
0-1: Called Strike
0-2: Strikes out swinging
Pinch Hitting: SHB Jim Unknown 0-0: Ball
1-0: Ball
2-0: Ball
3-0: Base on Balls
Batting: RHB Ghislain Vespucci 0-0: Ball
1-0: Swinging Strike
1-1: Foul Ball, location: 2F
1-2: Ground out 4-3 (Groundball, 4)
Bottom of the 8th over - 0 run(s), 0 hit(s), 0 error(s), 1 left on base; Tacoma 4 - Northville 4
TOP OF THE 9TH
Tacoma Fur Traders batting - Pitching for Northville Eclipse : RHP Kyle MacRae
Pitching: RHP Ricardo Ramírez
Now at 3B: Jim Unknown
Pinch Hitting: RHB Iván Rodríguez 0-0: Ball
1-0: Ball
2-0: Swinging Strike
2-1: Fly out, F8 (Flyball, 8RD)
Batting: SHB Carlos Alicea 0-0: Ball
1-0: Ball
2-0: Foul Ball, location: 2F
2-1: Ball
3-1: Fly out, F2 (Popup, 5S)
Batting: RHB Britt Lynch 0-0: Swinging Strike
0-1: Ball
1-1: Ball
2-1: Foul Ball, location: 2F
2-2: Ball
3-2: Strikes out looking
Top of the 9th over - 0 run(s), 0 hit(s), 0 error(s), 0 left on base; Tacoma 4 - Northville 4
BOTTOM OF THE 9TH
Northville Eclipse batting - Pitching for Tacoma Fur Traders : RHP Curt Walker
Now in RF: Dave Knight
Batting: RHB Alfonso Grappasonni 0-0: Called Strike
0-1: Called Strike
0-2: Fly out, F9 (Line Drive, 9LM)
Batting: RHB Dan Hart 0-0: Fly out, F8 (Flyball, 8RS)
Batting: SHB Jim Unknown 0-0: Called Strike
0-1: SINGLE (Flyball, 7S)
Batting: RHB Dave Shaw 0-0: Ball
1-0: Ground out 1-3 (Groundball, P)
Bottom of the 9th over - 0 run(s), 1 hit(s), 0 error(s), 1 left on base; Tacoma 4 - Northville 4
TOP OF THE 10TH
Tacoma Fur Traders batting - Pitching for Northville Eclipse : RHP Ricardo Ramírez
Batting: RHB Andy Moore 0-0: Ground out 5-3 (Groundball, 56)
Batting: RHB Luis Flores 0-0: Called Strike
0-1: Ground out 6-3 (Groundball, 6)
Batting: SHB Enrique Costello 0-0: Ball
1-0: Ground out U3 (Groundball, 3)
Top of the 10th over - 0 run(s), 0 hit(s), 0 error(s), 0 left on base; Tacoma 4 - Northville 4
BOTTOM OF THE 10TH
Northville Eclipse batting - Pitching for Tacoma Fur Traders : RHP Curt Walker
Batting: RHB José Sánchez 0-0: Called Strike
0-1: Ball
1-1: Foul Ball, location: 2F
1-2: Ball
2-2: Fly out, F5 (Line Drive, 5)
Batting: RHB Luis Hernández 0-0: Fly out, F3 (Line Drive, 3)
Batting: RHB Cosmo Bjorkenheim 0-0: Ball
1-0: Ground out 6-3 (Groundball, 6S)
Bottom of the 10th over - 0 run(s), 0 hit(s), 0 error(s), 0 left on base; Tacoma 4 - Northville 4
TOP OF THE 11TH
Tacoma Fur Traders batting - Pitching for Northville Eclipse : RHP Ricardo Ramírez
Batting: RHB Xavier Pérez 0-0: Ball
1-0: Called Strike
1-1: Swinging Strike
1-2: Foul Ball, location: 2F
1-2: Ball
2-2: Ball
3-2: Base on Balls
Batting: LHB Felipe Trujillo 0-0: Called Strike
0-1: Swinging Strike
0-2: Ball
1-2: 2-RUN HOME RUN (Flyball, 89XD), Distance : 431 ft
Batting: LHB Michael Whorton 0-0: Swinging Strike
0-1: Ball
1-1: Ball
2-1: Called Strike
2-2: Ball
3-2: Foul Ball, location: 2F
3-2: Strikes out swinging
Batting: LHB Dave Knight 0-0: Ground out 3-1 (Groundball, 34S)
Batting: SHB Carlos Alicea 0-0: Ground out U3 (Groundball, 3L)
Top of the 11th over - 2 run(s), 1 hit(s), 0 error(s), 0 left on base; Tacoma 6 - Northville 4
BOTTOM OF THE 11TH
Northville Eclipse batting - Pitching for Tacoma Fur Traders : RHP Curt Walker
Pitching: RHP Jeff Pearce
Batting: SHB Jim Unknown 0-0: Ball
1-0: Called Strike
1-1: Ground out 4-3 (Groundball, 4S)
Batting: RHB Ghislain Vespucci 0-0: SINGLE (Line Drive, 56D)
Batting: RHB Alfonso Grappasonni 0-0: Called Strike
0-1: Called Strike
0-2: Reached on error, E6 (Groundball, 6)
Ghislain Vespucci to second
Batting: RHB Dan Hart 0-0: Foul Ball, location: 2F
0-1: Called Strike
0-2: Ball
1-2: Ball
2-2: Strikes out looking
Batting: SHB Jim Unknown 0-0: Foul Ball, location: 2F
0-1: Fielders Choice at 2nd, 6-4 (Groundball, 6)
Bottom of the 11th over - 0 run(s), 1 hit(s), 1 error(s), 1 left on base; Tacoma 6 - Northville 4
Monday, March 20th, 2017 - OOTP Baseball 17.12 Build 75